 Dungeon Crawl Stone Soup version 0.22.1-2-g9c5b331 (webtiles) character file.

119 Golfball the Chopper (level 5, -1/32 HPs)
             Began as a Gargoyle Fighter on Nov 30, 2018.
             Slain by a hippogriff (7 damage)
             ... on level 3 of the Dungeon.
             The game lasted 00:06:03 (1541 turns).

Golfball the Chopper (Gargoyle Fighter)             Turns: 1541, Time: 00:06:04

Health: -1/32      AC: 12    Str: 20    XL:     5   Next: 3%
Magic:  5/5        EV:  7    Int:  9    God:
Gold:   107        SH:  9    Dex:  9    Spells: 4/4 levels left

rFire    . . .     SeeInvis .   a - +0 war axe
rCold    . . .     Gourm    .   c - +0 shield
rNeg     + . .     Faith    .   b - +0 scale mail
rPois    ∞         Spirit   .   (no helmet)
rElec    +         Reflect  .   (no cloak)
rCorr    .         Harm     .   n - +0 pair of gloves
MR       .....                  (no boots)
Stlth    ..........             (no amulet)
HPRegen  0.10/turn              (no ring)
MPRegen  0.09/turn              (no ring)

@: no status effects
A: negative energy resistance 1, electricity resistance, unbreathing,
petrification resistance, rot immunity, AC +4
a: no special abilities


You were on level 3 of the Dungeon.
You were not hungry.

You visited 1 branch of the dungeon, and saw 3 of its levels.

You collected 107 gold pieces.

Inventory:

Hand Weapons
 a - a +0 war axe (weapon)
Missiles
 e - 83 stones (quivered)
Armour
 b - a +0 scale mail (worn)
 c - a +0 shield (worn)
 j - a cursed -2 ring mail
 n - a +0 pair of gloves (worn)
Wands
 m - a wand of iceblast (10)
Scrolls
 g - 4 scrolls of identify {unknown}
 k - a scroll of remove curse {unknown}
 l - a scroll of magic mapping {unknown}
 o - a scroll of enchant weapon {unknown}
 s - a scroll of fog {unknown}
 t - a scroll of fear {unknown}
 u - a scroll of immolation {unknown}
Potions
 d - a potion of might
 i - a potion of magic {unknown}
 p - a potion of curing {unknown}
 q - 2 potions of heal wounds {unknown}
 r - a potion of degeneration {unknown}
Comestibles
 f - 8 rations
 h - 6 chunks of flesh


   Skills:
 - Level 3.2 Fighting
 + Level 4.6 Axes
 - Level 3.2 Armour
 - Level 3.2 Shields


You had 4 spell levels left.
You didn't know any spells.
Your spell library was empty.

Dungeon Overview and Level Annotations

Branches:
Dungeon (3/15)

Altars:
Sif Muna
Xom
Zin


Innate Abilities, Weirdness & Mutations

You are resistant to torment.
Your stone body is resilient. (AC +4)
You are immune to poison.
You resist negative energy. (rN+)
You are resistant to electric shocks. (rElec)
You can survive without breathing.
You are immune to petrification.
You are immune to rotting.


Message History

The hippogriff pecks you but does no damage.
You block the hippogriff's attack.
You closely miss the hippogriff.
The hippogriff is almost dead.
The hippogriff bites you.
* * * LOW HITPOINT WARNING * * *
The hippogriff pecks you.
* * * LOW HITPOINT WARNING * * *
The hippogriff claws you but does no damage.
The hippogriff bites you but does no damage.
You block the hippogriff's attack.
The hippogriff claws you but does no damage.
You slash the hippogriff!
The hippogriff is almost dead.
You block the hippogriff's attack. x2
The hippogriff claws you but does no damage.
You barely miss the hippogriff.
The hippogriff is almost dead.
The hippogriff bites you!
You die...

........ .#......#
.. .......#..
#.#...#. ##......
#.# .......###.#.#
#########..)...).#
#......##..##..##.
#@####.........#
........H#
####..##.##
#.#####....
##.#...# ###.##
#...⌠.## ..
#.#....# .#.
#.##...## #.#
#.##....# #
#.###.... #.#
#.>.⌠


You could see a hippogriff.

Vanquished Creatures
  A howler monkey skeleton (D:3)
  4 adders (D:2)
  A worm (D:2)
  A dart slug (D:3)
  2 leopard geckos
  7 bats
  2 giant cockroaches
  5 goblins
  8 hobgoblins
  7 jackals
  13 kobolds
  A ball python (D:2)
  2 frilled lizards
  8 rats
  A plant (D:2)
63 creatures vanquished.

Notes
Turn   | Place    | Note
-------+----------+-------------------------------------------
     0 | D:1      | Golfball the Gargoyle Fighter began the quest for the Orb.
     0 | D:1      | Reached XP level 1. HP: 14/14 MP: 1/1
    10 | D:1      | Reached skill level 2 in Axes
    84 | D:1      | Reached XP level 2. HP: 18/19 MP: 2/2
   350 | D:1      | Reached skill level 3 in Axes
   358 | D:1      | Reached XP level 3. HP: 23/23 MP: 3/3
   683 | D:2      | Found a shimmering altar of Xom.
   683 | D:2      | Found a deep blue altar of Sif Muna.
   847 | D:2      | Found a glowing silver altar of Zin.
  1086 | D:2      | Reached XP level 4. HP: 28/28 MP: 4/4
  1141 | D:2      | Reached skill level 4 in Axes
  1490 | D:3      | Reached XP level 5. HP: 32/32 MP: 5/5
  1525 | D:3      | Noticed a hippogriff
  1541 | D:3      | Slain by a hippogriff

Skill      XL: |  1  2  3  4 |
---------------+-------------+-----
Axes           | 2 3 4 |  4.6
Fighting       | |  3.2
Armour         | |  3.2
Shields        | |  3.2

Action                   |  1- 3 |  4- 6 || total
-------------------------+-------+-------++-------
Melee: War axe           |   119 |   100 ||   219
  Eat: Chunk             |     1 |     2 ||     3
Armor: Scale mail        |    58 |    75 ||   133
Dodge: Dodged            |    38 |    42 ||    80
Block: Shield            |    63 |    48 ||   111
